 Dungeon Crawl Stone Soup version 0.20-a0-29-g41cc41e (webtiles) character file.

412 KristoblXynda the Magician (level 6, 0/34 HPs)
             Began as a Deep Elf Conjurer on Nov 7, 2016.
             Slain by a mummy (8 damage)
             ... in an ossuary.
             The game lasted 00:09:19 (3758 turns).

KristoblXynda the Magician (Deep Elf Conjurer)      Turns: 3758, Time: 00:09:20

Health: 0/34       AC:  5    Str:  5    XL:     6   Next: 59%
Magic:  5/18       EV: 13    Int: 22    God:
Gold:   180        SH:  0    Dex: 15    Spells: 2 memorised, 15 levels left

rFire  . . .     SeeInvis .     r - +2 dagger (elec)
rCold  . . .     Gourm    .     a - +0 robe
rNeg   . . .     Faith    .     (no shield)
rPois  .         Spirit   .     m - +1 helmet
rElec  .         Reflect  .     (no cloak)
rCorr  .         Harm     .     (no gloves)
MR     .....                    d - +0 pair of boots
Stlth  ++........               (no amulet)
                                (no ring)
                                (no ring)

@: no status effects
A: no striking features
a: no special abilities


You were in an ossuary.
You were not hungry.

You visited 1 branch of the dungeon, and saw 4 of its levels.
You also visited: Ossuary.

You collected 180 gold pieces.

Inventory:

Hand Weapons
 r - a +2 dagger of electrocution (weapon)
Armour
 a - a +0 robe (worn)
 d - a +0 pair of boots (worn)
 i - a cursed +0 shield
 m - a +1 helmet (worn)
Magical Staves
 g - an uncursed staff of conjuration
Scrolls
 e - a scroll of magic mapping
 f - 2 scrolls of teleportation
 k - a scroll of fear
Potions
 h - 3 potions of curing
Books
 b - a book of Conjurations

   Spells                             Type                      Level
   a - Magic Dart                     Conjuration                  1
   b - Searing Ray                    Conjuration                  2
   c - Dazzling Spray                 Conjuration/Hexes            3
   d - Fulminant Prism                Conjuration/Hexes            4
   e - Iskenderun's Mystic Blast      Conjuration                  4
   f - Iskenderun's Battlesphere      Conjuration/Charms           5
Comestibles
 c - 2 bread rations
 l - a slice of pizza


   Skills:
 - Level 1.0 Fighting
 - Level 2.4 Dodging
 - Level 2.4 Stealth
 + Level 0.4 Shields
 + Level 7.0 Spellcasting
 + Level 6.5 Conjurations


You had 15 spell levels left.
You knew the following spells:

 Your Spells              Type           Power        Failure   Level  Hunger
a - Magic Dart            Conj           ####         1%          1    None
b - Dazzling Spray        Conj/Hex       ###...       8%          3    None


Dungeon Overview and Level Annotations

Branches:
Dungeon (4/15)
 Temple: D:4-7

Altars:
Xom


Message History

Press: ? - help, Shift-Dir - straight line, f/p - mummy
Aim: a mummy (heavily damaged)
You feel a surge of power!
The magic dart hits the mummy.
The mummy is heavily damaged.
The mummy hits you!
Unknown command.
Casting: Magic Dart
Confirm with . or Enter, or press ? or * to list all spells.
You don't know that spell.
Unknown command.
You feel much better.
Wield which item (- for none, * to show all)? (? for menu, Esc to quit)
You hear the crackle of electricity.
r - a +2 dagger of electrocution (weapon)
The mummy hits you! x2
Ouch! That really hurt!
* * * LOW HITPOINT WARNING * * *
You barely miss the mummy.
You feel better. The mummy hits you!
You die...

##### ###
#∩.M#.'.#
#.∩@M.#
#..M#.'.#
##### ###


You could see 3 mummies.

Vanquished Creatures
  2 orc priests (D:3)
  A hound (D:3)
  Jessica (D:2)
  Ijyb (D:2)
  A worker ant (D:4)
  Natasha (thrice) (D:3)
  A mummy (D:4)
  Robin (D:2)
  6 adders
  2 worms (D:2)
  A dart slug (D:1)
  6 leopard geckos
  7 orcs (D:3)
  10 bats
  4 giant cockroaches
  12 goblins
  8 hobgoblins
  4 jackals (D:2)
  2 kobolds
  A ball python (D:4)
  3 frilled lizards
  10 rats
87 creatures vanquished.

Vanquished Creatures (others)
  A withered plant (Ossuary)
1 creature vanquished.

Grand Total: 88 creatures vanquished

Notes
Turn   | Place    | Note
-------+----------+-------------------------------------------
     0 | D:1      | KristoblXynda the Deep Elf Conjurer began the quest for the Orb.
     0 | D:1      | Reached XP level 1. HP: 10/10 MP: 6/6
   404 | D:1      | Reached XP level 2. HP: 15/15 MP: 3/8
  1012 | D:2      | Reached skill level 4 in Spellcasting
  1065 | D:2      | Reached XP level 3. HP: 19/19 MP: 4/10
  1069 | D:2      | Reached skill level 5 in Conjurations
  1154 | D:2      | Learned a level 3 spell: Dazzling Spray
  1301 | D:2      | Noticed Robin
  1325 | D:2      | Killed Robin
  1433 | D:2      | Noticed Jessica
  1437 | D:2      | Killed Jessica
  1437 | D:2      | Reached XP level 4. HP: 24/24 MP: 7/12
  1439 | D:2      | Reached skill level 5 in Spellcasting
  1590 | D:2      | Noticed Ijyb
  1600 | D:2      | Killed Ijyb
  1718 | D:2      | Found a shimmering altar of Xom.
  1890 | D:2      | Reached XP level 5. HP: 28/28 MP: 13/15
  2666 | D:3      | Reached skill level 6 in Spellcasting
  2816 | D:3      | Noticed Natasha
  2819 | D:3      | Killed Natasha
  2825 | D:3      | Reached XP level 6. HP: 32/32 MP: 9/17
  3157 | D:3      | Noticed Natasha
  3161 | D:3      | Killed Natasha
  3210 | D:3      | Noticed Natasha
  3216 | D:3      | Killed Natasha
  3216 | D:3      | Reached skill level 1 in Fighting
  3684 | D:4      | Reached skill level 7 in Spellcasting
  3725 | D:4      | Found a sand-covered staircase.
  3740 | Ossuary  | Entered an ossuary
  3758 | Ossuary  | Slain by a mummy

Vault maps used:
D:1:      minmay_arrival_open_corners
D:2:      xom_teletrap_fun, uniq_iyjb, uniq_jessica, uniq_robin
D:3:      minmay_misc_feat_five, uniq_natasha
D:4:      kennysheep_slug_shrine, first_bread, gup_ossuary_entry_pyramid
Ossuary:  ossuary_zaba_flooded

Skill      XL: |  1  2  3  4  5  6 |
---------------+-------------------+-----
Spellcasting   | 4 5 6 7 |  7.0
Conjurations   | 5 6 |  6.5
Fighting       | 1 |  1.0
Dodging        | |  2.4
Stealth        | |  2.4
Shields        | |  0.4

Action                   |  1- 3 |  4- 6 || total
-------------------------+-------+-------++-------
Melee: Dagger            |     2 |     5 ||     7
 Cast: Magic Dart        |    69 |   151 ||   220
  Use: Scroll            |       |     9 ||     9
       Potion            |       |     2 ||     2
  Eat: Chunk             |     1 |     6 ||     7
       Fruit             |       |     4 ||     4
Armor: Robe              |     1 |     4 ||     5
Dodge: Dodged            |     1 |    12 ||    13
